 Dungeon Crawl Stone Soup version 0.26.1-11-gd32895ea62 (webtiles) character file.

Game seed: 8820084824967499457

166 VeeEM the Cudgeller (level 5, -7/46 HPs)
             Began as a Minotaur Berserker on May 2, 2021.
             Was a Believer of Trog.
             Mangled by Grinder (10 damage)
             ... on level 2 of the Dungeon.
             The game lasted 00:16:13 (3443 turns).

VeeEM the Cudgeller (Minotaur Berserker)            Turns: 3443, Time: 00:16:14

Health: -7/46      AC:  2    Str: 23    XL:     5   Next: 22%
Magic:  4/4        EV: 12    Int:  4    God:    Trog [**....]
Gold:   114        SH:  0    Dex:  9    Spells: 4/4 levels left

rFire    . . .     SeeInvis .   f - +2 flail (drain)
rCold    . . .     Faith    .   (no shield)
rNeg     . . .     Spirit   .   b - +0 animal skin
rPois    .         Reflect  .   (helmet restricted)
rElec    .         Harm     .   (no cloak)
rCorr    .         Rampage  .   (no gloves)
Will     .....                  (no boots)
Stlth    +.........             (no amulet)
HPRegen  0.15/turn              (no ring)
MPRegen  0.09/turn              (no ring)

@: no status effects
A: retaliatory headbutt, horns 2
a: Renounce Religion, Berserk, Trog's Hand


You were on level 2 of the Dungeon.
You worshipped Trog.
Trog was pleased with you.
You visited 1 branch of the dungeon, and saw 3 of its levels.

You collected 114 gold pieces.

Inventory:

Hand Weapons
 a - a +0 spear
 f - a +2 flail of draining (weapon)
 i - a cursed +0 hand axe
Missiles
 o - 8 poisoned darts
Armour
 b - a +0 animal skin (worn)
Jewellery
 g - an uncursed ring of see invisible {unknown}
 n - a cursed amulet of inaccuracy {unknown}
Scrolls
 c - 2 scrolls of magic mapping {unknown}
 e - 2 scrolls of amnesia {unknown}
 h - 3 scrolls of identify {unknown}
 m - a scroll of fear {unknown}
Potions
 d - a potion of ambrosia {unknown}
 j - 3 potions of curing {unknown}
 k - a potion of magic {unknown}
 l - a potion of lignification {unknown}
 p - a potion of cancellation {unknown}


   Skills:
 - Level 3.7 Fighting
 + Level 5.3 Maces & Flails
 - Level 4.5 Polearms
 - Level 2.4 Armour
 - Level 2.2 Dodging


You had 4 spell levels left.
You didn't know any spells.
Your spell library was empty.

Dungeon Overview and Level Annotations

Branches:
Dungeon (3/15)

Altars:
Dithmenos
Hepliaklqana
Nemelex Xobeh
Yredelemnul
The Shining One

Annotations:
D:2 Grinder


Innate Abilities, Weirdness & Mutations

You reflexively headbutt those who attack you in melee.
You have a pair of horns on your head.


Message History

You suddenly lose the ability to move!
Grinder gestures at you. Pain shoots through your body! Grinder hits you!
You writhe in agony.
Grinder hits you.
You writhe in agony.
* * * LOW HITPOINT WARNING * * *
Grinder hits you.
* * * LOW HITPOINT WARNING * * *
Grinder grins, showing sharp teeth.
Grinder gestures at you. Pain shoots through your body!
* * * LOW HITPOINT WARNING * * *
You can move again.
There is a stone staircase leading up here.
Grinder closely misses you.
You climb upwards.
There is a stone staircase leading down here.
Grinder says, "Tell me all your secrets, or I'll kill you."
Grinder hits you!
You die...

...#####..........##
#...# #######.#####
..#.####### #.....#
###.......# ##.##.#
# ##.###### ######.#
#.####_###_####.#
#.##8...8...8##.#
#.##........5##.#
#.#_.........@#.#
####.........####
###8...8...8###
###_###_### ### ###


You could see Grinder.

Vanquished Creatures
  Jessica (D:3)
  6 adders
  A gnoll (D:1)
  An ooze (D:3)
  3 worms
  A leopard gecko (D:3)
  3 orcs
  3 giant cockroaches
  8 goblins
  2 hobgoblins
  6 jackals (D:3)
  7 kobolds
  2 quokkas
  3 bats
  6 frilled lizards
  7 rats
60 creatures vanquished.

Notes
Turn   | Place    | Note
-------+----------+-------------------------------------------
     0 | D:1      | VeeEM the Minotaur Berserker began the quest for the Orb.
     0 | D:1      | Reached XP level 1. HP: 19/19 MP: 0/0
   335 | D:1      | Reached XP level 2. HP: 5/27 MP: 1/1
   755 | D:1      | Reached skill level 1 in Maces & Flails
  1358 | D:2      | Reached XP level 3. HP: 33/33 MP: 2/2
  1377 | D:2      | Reached skill level 2 in Maces & Flails
  1776 | D:2      | Reached ** piety under Trog
  2007 | D:2      | Reached skill level 3 in Maces & Flails
  2145 | D:3      | Noticed Jessica
  2147 | D:3      | Killed Jessica
  2148 | D:3      | Reached XP level 4. HP: 37/40 MP: 3/3
  2184 | D:3      | Reached skill level 4 in Maces & Flails
  2962 | D:3      | Reached skill level 5 in Maces & Flails
  2962 | D:3      | Reached XP level 5. HP: 40/46 MP: 4/4
  3319 | D:3      | Noticed Grinder
  3324 | D:3      | Paralysed by Grinder for 7 turns
  3409 | D:2      | Found a glowing golden altar of the Shining One.
  3409 | D:2      | Found a hazy altar of Hepliaklqana.
  3409 | D:2      | Found a shadowy altar of Dithmenos.
  3409 | D:2      | Found a basalt altar of Yredelemnul.
  3416 | D:2      | Found a sparkling altar of Nemelex Xobeh.
  3434 | D:3      | Paralysed by Grinder for 6 turns
  3443 | D:2      | Mangled by Grinder

Illustrated notes

Levels and vault maps discovered:
D:1:      minmay_arrival_doors, layout_basic, hangedman_decor_riveting,
          kennysheep_boxes
D:2:      layout_rooms, nicolae_overflow_hidden_temple, minmay_rat_gold_closets
D:3:      layout_basic, uniq_jessica, uniq_grinder

Skill      XL: |  1  2  3  4 |
---------------+-------------+-----
Polearms       | 4 |  4.5
Maces & Flails | 1 3 5 |  5.3
Fighting       | |  3.7
Armour         | |  2.4
Dodging        | |  2.2

Action                   |  1- 3 |  4- 6 || total
-------------------------+-------+-------++-------
Melee: Spear             |    21 |       ||    21
       Flail             |    48 |    64 ||   112
       Headbutt          |     6 |     9 ||    15
Invok: Trog's Hand       |       |     1 ||     1
 Stab: Sleeping          |     1 |       ||     1
Armor: Animal skin       |     8 |     5 ||    13
Dodge: Dodged            |    47 |    37 ||    84
